 Dungeon Crawl Stone Soup version 0.30.1-11-g7821555f0a (webtiles) character file.

Game seed: 2984512087337711765

56 KittyFluff the Trooper (level 3, -6/24 HPs)
             Began as a Gargoyle Berserker on Oct 28, 2023.
             Was a Believer of Trog.
             Mangled by a gnoll
             ... wielding a +0 halberd
              (8 damage)
             ... on level 2 of the Dungeon.
             The game lasted 00:03:02 (770 turns).

KittyFluff the Trooper (Gargoyle Berserker)          Turns: 770, Time: 00:03:02

Health: -6/24      AC:  6    Str: 22    XL:     3   Next: 95%
Magic:  3/3        EV: 11    Int:  7    God:    Trog [**....]
Gold:   88         SH:  0    Dex:  9    Spells: 2/2 levels left

rFire   . . .        a - +0 mace
rCold   . . .        (no shield)
rNeg    + . .        d - +0 leather armour
rPois   ∞            (no helmet)
rElec   +            (no cloak)
rCorr   .            (no gloves)
SInv    .            (no boots)
Will    .....        (no amulet)
Stlth   +            (no ring)
HPRegen 0.24/turn    (no ring)
MPRegen 0.08/turn

%: no passive effects
@: no status effects
A: sickness immunity, AC +3, negative energy resistance 1, electricity
resistance, torment resistance 1, petrification resistance
a: Renounce Religion, Berserk, Trog's Hand


You were on level 2 of the Dungeon.
You worshipped Trog.
Trog was pleased with you.
You visited 1 branch of the dungeon, and saw 2 of its levels.

You collected 88 gold pieces.

Inventory:

Hand Weapons
 a - a +0 mace (weapon)
Armour
 d - a +0 leather armour (worn)
Scrolls
 b - a scroll of poison {unknown}
 c - a scroll of silence {unknown}
 e - 3 scrolls of identify {unknown}
 f - a scroll of immolation {unknown}
 i - a scroll of vulnerability {unknown}
Potions
 g - a potion of brilliance {unknown}
 h - a potion of heal wounds {unknown}


   Skills:
 + Level 3.7 Fighting
 * Level 3.6 Maces & Flails
 * Level 3.1 Armour
 + Level 2.0 Dodging


You had 2 spell levels left.
You didn't know any spells.
Your spell library was empty.

Dungeon Overview and Level Annotations

Branches:
Dungeon (2/15)

Altars:


Innate Abilities, Weirdness & Mutations

You are immune to sickness and miasma.
Your stone body is resilient. (AC +3)
You are immune to poison.
You resist negative energy. (rN+)
You are resistant to electric shocks. (rElec)
You are resistant to unholy torment.
You are immune to petrification.


Message History

You thump the bat!
You kill the bat!
Trog accepts your kill.
You miss the goblin. The goblin barely misses you.
The goblin closely misses you.
You hit the goblin.
You kill the goblin!
Trog accepts your kill.
Your Armour skill increases to level 3!
You sock the gnoll!
The gnoll is severely wounded.
The gnoll hits you with a +0 club.
You barely miss the gnoll.
The gnoll is severely wounded.
The gnoll misses you. The gnoll barely misses you.
You barely miss the gnoll.
The gnoll is severely wounded.
The gnoll hits you from afar with a +0 halberd.
The gnoll closely misses you. The gnoll hits you with a +0 club.
The gnoll hits you but does no damage.
You barely miss the gnoll.
The gnoll is severely wounded.
The gnoll completely misses you.
The gnoll hits you from afar with a +0 halberd.
You hit the gnoll.
The gnoll is almost dead.
The gnoll hits you with a +0 club!
* * * LOW HITPOINT WARNING * * *
The gnoll barely misses you.
You hit the gnoll.
You kill the gnoll!
Trog accepts your kill. The gnoll closely misses you.
You hit the gnoll.
The gnoll is lightly wounded.
The gnoll closely misses you. The gnoll barely misses you.
You hit the gnoll.
The gnoll is heavily wounded.
The gnoll hits you from afar with a +0 halberd!
You die...

....>...................
........#####+##.##.####
........#...............
........#...............
........#..........#####
..#.....#..........###.#
..#....................#
#.....#.#########gg###.#
..#)..#.#.......@#.#
#.#...#.#.######.#.g..g#
#.#.#.#.#... ..#####.g..
. ###.#.#.#... ..## g..
....#.#.##.# ##. .#
##..#.#.##.# #.
######+#.#.. ...
##..#.#.##.# #.
#........#.. ...
....#.#.##.## #.
#........#.. ...
###.#.......# #
#........#.# ...


You could see 2 gnolls.

Vanquished Creatures
  2 gnolls
  A dart slug (D:1)
  3 ball pythons (D:1)
  5 bats
  4 endoplasms
  3 goblins
  A hobgoblin (D:1)
  3 jackals (D:1)
  3 quokkas (D:1)
  3 kobolds (D:1)
  3 rats (D:1)
31 creatures vanquished.

Notes
Turn   | Place    | Note
-------+----------+-------------------------------------------
     0 | D:1      | KittyFluff the Gargoyle Berserker began the quest for the
                  | Orb.
     0 | D:1      | Reached XP level 1. HP: 14/14 MP: 1/1
    35 | D:1      | Reached XP level 2. HP: 9/19 MP: 2/2
   211 | D:1      | Reached XP level 3. HP: 23/23 MP: 3/3
   220 | D:1      | Found a faded altar of an unknown god.
   269 | D:1      | Reached ** piety under Trog
   767 | D:2      | HP: 1/23 [gnoll/+0 club (7)]
   770 | D:2      | Mangled by a gnoll

Illustrated notes

Levels and vault maps discovered:
D:1:      tarquinn_simple_flora_water_e, layout_rooms,
          hellmonk_ecumenical_altar_arch_garden
D:2:      layout_basic

Skill      XL: |  1  2  3 |
---------------+----------+-----
Dodging        | 2 |  2.0
Armour         | 3 |  3.1
Fighting       | |  3.7
Maces & Flails | |  3.6

Action                     || total
---------------------------++-------
  Melee: Mace              ||   107
 Armour: Animal skin       ||     6
         Leather armour    ||    37
  Dodge: Dodged            ||    72
